cohdb
Replays
Latest Replays
All Replays
Popular Replays
Top Player Replays
Match Explorer
How It Works
Community
CoH3 Stats
Reddit
Sign in to upload your games and track your stats! →
Sign in with Steam
Match 46759442
Unlisted
Match 46759442
Overview
Messages
Build Orders
End
Kradschützen Motorcycle Team
Panzerpioneer Squad
250 Light Carrier
Panzerpioneer Squad
Construct Light Support Kompanie
Combat Half-tracks
Panzerjäger Squad
Construct Mechanized Kompanie
Panzerjäger Mechanized Group
Selects Panzerjäger Kommand Battlegroup
Selects Tank Busters
Selects Crew Shock Tactics
Selects Mine Fields
8 Rad Armored Car
Vehicle Survival Package
Construct Panzerarmee Kommand
MG34 Team
Emergency Repair Kits
Rapid Advance
Selects Defensive Positions
Armored Reserves
Tungsten Core Ammunition
Panzer IV Assault Group
Selects Butterfly Bomb Drop
Butterfly Bomb Drop
Veteran Squad Leaders
Crew Shock Tactics
ThreekidsinaTrenchcoat
UMirinBrah?
0
0
Comments
sign in to comment!
No comments posted yet!